 Dungeon Crawl Stone Soup version 0.20.1-1-g8b1a95d (webtiles) character file.

111 MTVSty1e the Skirmisher (level 4, -2/30 HPs)
             Began as a Gargoyle Fighter on Dec 3, 2017.
             Slain by a gnoll (6 damage)
             ... on level 3 of the Dungeon.
             The game lasted 00:02:41 (1478 turns).

MTVSty1e the Skirmisher (Gargoyle Fighter)          Turns: 1478, Time: 00:02:45

Health: -2/30      AC: 10    Str: 21    XL:     4   Next: 92%
Magic:  4/4        EV:  7    Int:  8    God:
Gold:   44         SH:  9    Dex:  9    Spells: 3/3 levels left

rFire    . . .     SeeInvis .   a - +0 war axe
rCold    . . .     Gourm    .   c - +0 shield
rNeg     + . .     Faith    .   b - +0 scale mail
rPois    ∞         Spirit   .   (no helmet)
rElec    +         Reflect  .   (no cloak)
rCorr    .         Harm     .   (no gloves)
MR       .....                  (no boots)
Stlth    ..........             (no amulet)
Regen    0.1/turn               (no ring)
MPRegen  0.1/turn               (no ring)

@: no status effects
A: negative energy resistance 1, electricity resistance, unbreathing,
petrification resistance, rot immunity, AC +3
a: no special abilities


You were on level 3 of the Dungeon.
You were not hungry.

You visited 1 branch of the dungeon, and saw 3 of its levels.

You collected 44 gold pieces.

Inventory:

Hand Weapons
 a - a +0 war axe (weapon)
Armour
 b - a +0 scale mail (worn)
 c - a +0 shield (worn)
Scrolls
 g - 3 scrolls of remove curse {unknown}
 h - a scroll of identify {unknown}
 j - a scroll of enchant armour {unknown}
 l - 2 scrolls of teleportation {unknown}
 m - a scroll of noise {unknown}
 n - a scroll of fog {unknown}
 q - a scroll of fear {unknown}
Potions
 d - a potion of might
 e - 2 potions of mutation {unknown}
 i - 2 potions of invisibility {unknown}
 k - 2 potions of heal wounds {unknown}
 o - a potion of magic {unknown}
 p - a potion of curing {unknown}
Comestibles
 f - 4 bread rations


   Skills:
 + Level 4.3 Fighting
 * Level 3.8 Axes
 - Level 3.2 Armour
 - Level 3.2 Shields


You had 3 spell levels left.
You didn't know any spells.

Dungeon Overview and Level Annotations

Branches:
Dungeon (3/15)

Altars:


Innate Abilities, Weirdness & Mutations

You are resistant to torment.
Your stone body is resilient. (AC +3)
You are immune to poison.
You resist negative energy. (rN+)
You are resistant to electric shocks. (rElec)
You can survive without breathing.
You are immune to petrification.
You are immune to rotting.


Message History

You barely miss the gnoll.
The gnoll is severely wounded.
You block the gnoll's attack. The gnoll barely misses you.
You block the gnoll's attack.
You slash the gnoll!
You kill the gnoll!
The kobold throws a stone.
You block the stone. The gnoll hits you but does no damage. The gnoll hits you.
* * * LOW HITPOINT WARNING * * *
Your shield and scale mail prevent you from hitting the gnoll.
The gnoll is heavily wounded.
The gnoll hits you but does no damage. You block the gnoll's attack.
The gnoll hits you but does no damage.
You hit the gnoll.
The gnoll is almost dead.
The gnoll hits you but does no damage.
The gnoll hits you from afar with a spear.
* * * LOW HITPOINT WARNING * * *
The gnoll hits you.
You die...

#...........#
#...........#
#.......!...#
#########...........#
#.......#...........#
#.......#...))...?..#
#.......#...gK......#
#.......#####g#######
#.......# ###@#
#.......###...#
#........<....#
#.......###...#
#.......# #...#
#.......# #...#
#.......# #...#
#.......# #...#
######.## #...#


You could see 2 gnolls and a kobold.

Vanquished Creatures
  An adder (D:2)
  2 gnolls (D:3)
  An ooze (D:1)
  3 worms (D:2)
  3 dart slugs
  5 leopard geckos
  A ball python (D:1)
  A giant cockroach (D:1)
  11 goblins
  7 hobgoblins
  2 jackals (D:2)
  7 bats
  3 frilled lizards (D:2)
  6 kobolds
  4 rats
57 creatures vanquished.

Notes
Turn   | Place    | Note
-------+----------+-------------------------------------------
     0 | D:1      | MTVSty1e the Gargoyle Fighter began the quest for the Orb.
     0 | D:1      | Reached XP level 1. HP: 14/14 MP: 1/1
    62 | D:1      | Reached XP level 2. HP: 6/19 MP: 2/2
   500 | D:1      | Reached XP level 3. HP: 23/23 MP: 3/3
  1027 | D:2      | Reached skill level 4 in Fighting
  1038 | D:2      | Reached XP level 4. HP: 26/29 MP: 4/4
  1113 | D:2      | Found a faded altar of an unknown god.
  1478 | D:3      | Slain by a gnoll

Skill      XL: |  1  2  3 |
---------------+----------+-----
Axes           | 2 3 |  3.8
Fighting       | 4 |  4.3
Armour         | |  3.2
Shields        | |  3.2

Action                   |  1- 3 |  4- 6 || total
-------------------------+-------+-------++-------
Melee: War axe           |    86 |    78 ||   164
  Eat: Meat ration       |       |     1 ||     1
       Chunk             |       |     1 ||     1
Armor: Scale mail        |    58 |    41 ||    99
Dodge: Dodged            |    31 |    32 ||    63
Block: Shield            |    47 |    59 ||   106
